 Dungeon Crawl Stone Soup version 0.26-b1-32-g5d43845318 (webtiles) character file.

Game seed: 12360287014323888713

1852 Borgoz the Ducker (level 9, -4/75 HPs)
             Began as a Ghoul Gladiator on Jan 13, 2021.
             Slain by an ogre
             ... wielding a +0 giant club
              (31 damage)
             ... on level 6 of the Dungeon.
             The game lasted 00:06:14 (5916 turns).

Borgoz the Ducker (Ghoul Gladiator)                 Turns: 5916, Time: 00:06:14

Health: -4/75      AC: 15    Str: 20    XL:     9   Next: 12%
Magic:  8/8        EV: 14    Int:  3    God:
Gold:   295        SH:  0    Dex: 11    Spells: 8/8 levels left

rFire    . . .     SeeInvis +   a - +0 flail
rCold    + . .     Faith    .   (no shield)
rNeg     + + +     Spirit   .   i - +4 ring mail "Faererih" {Harm}
rPois    ∞         Reflect  .   n - +2 helmet {SInv}
rElec    .         Harm     +   u - +0 cloak
rCorr    .         Rampage  .   k - +0 pair of gloves
Will     .....                  (no boots)
Stlth    +.........             (no amulet)
HPRegen  0.00/turn              (no ring)
MPRegen  0.11/turn              (no ring)

@: no status effects
A: claws 1, cold resistance 1, negative energy resistance 3, inhibited
regeneration, torment resistance, unbreathing
a: no special abilities


You were on level 6 of the Dungeon.
You visited 1 branch of the dungeon, and saw 6 of its levels.

You collected 321 gold pieces.
You spent 26 gold pieces at shops.

Inventory:

Hand Weapons
 a - a +0 flail (weapon)
Missiles
 h - 5 throwing nets (quivered)
Armour
 i - the +4 ring mail "Faererih" (worn) {Harm}
   (You found it on level 4 of the Dungeon)

   It increases damage dealt and taken.
 k - a +0 pair of gloves (worn)
 n - a +2 helmet of see invisible (worn)
 u - a +0 cloak (worn)
Jewellery
 l - an uncursed ring of fire
Wands
 d - a wand of digging (7)
 p - a wand of paralysis (11)
 t - a wand of flame (9)
 w - a wand of enslavement (7)
Scrolls
 e - 3 scrolls of immolation {unknown}
 f - 2 scrolls of amnesia {unknown}
 g - 3 scrolls of magic mapping
 j - 3 scrolls of remove curse {unknown}
 o - 2 scrolls of blinking {unknown}
 q - a scroll of enchant weapon {unknown}
Potions
 b - a potion of magic
 c - a potion of flight
 m - a potion of might
 r - a potion of brilliance
 s - 2 potions of ambrosia {unknown}
 v - a potion of experience {unknown}


   Skills:
 + Level 5.9 Fighting
 + Level 6.4 Maces & Flails
 - Level 1.7 Throwing
 + Level 4.2 Armour
 + Level 6.5 Dodging


You had 8 spell levels left.
You didn't know any spells.
Your spell library contained the following spells:

 Spells                   Type           Power        Failure   Level
 Magic Dart               Conj           0%           69%         1
 Searing Ray              Conj           0%           83%         2
 Dazzling Flash           Conj/Hex       0%           96%         3
 Fulminant Prism          Conj/Hex       0%           100%        4
 Iskenderun's Mystic Bla  Conj/Tloc      0%           100%        4


Dungeon Overview and Level Annotations

Branches:
Dungeon (6/15)
 Temple: D:4-7

Altars:
Makhleb

Shops:
D:5 *


Innate Abilities, Weirdness & Mutations

You thrive by killing the living.
You are immune to poison.
You have sharp fingernails.
Your flesh is cold resistant. (rC+)
You are immune to negative energy. (rN+++)
You do not regenerate when monsters are visible.
You are immune to unholy pain and torment.
You can survive without breathing.


Message History

You closely miss the sky beast.
The sky beast is severely wounded.
The sky beast closely misses you.
You sock the sky beast!
You kill the sky beast!
You hit the ogre but do no damage. The ogre hits you but does no damage.
You barely miss the ogre. You hit the ogre.
The ogre is lightly wounded.
The ogre hits you with a +0 giant club!
You hit the ogre but do no damage.
The ogre is lightly wounded.
The ogre closely misses you.
You barely miss the ogre.
The ogre is lightly wounded.
The ogre hits you with a +0 giant club!!
You hit the ogre.
The ogre is moderately wounded.
The ogre hits you with a +0 giant club!!
You die...

. #...#.##.. .... ..
#...#.##.##..##. ...
#...............
..#.####...####.......
.#................#.# #
..................#.# .#
#....)...........#.##.###.
##.####..≈#####..#........
#....O@.........#
#...########.#### #...#
#....# .# .....# #.##.##.#
#.#...# #.......# #.#####
#.......# . ###.##.##.##
.# .####...........
......))#.###.##


You could see an ogre.

Vanquished Creatures
  Eustachio (D:4)
  Menkaure (D:5)
  Edmund (D:4)
  A water moccasin (D:6)
  2 sky beasts
  5 ogres
  3 scorpions
  A crimson imp (D:2)
  A jelly (D:5)
  2 hounds
  2 orc priests (D:3)
  2 orc wizards
  Crazy Yiuf (D:4)
  A bullfrog skeleton (D:4)
  An iguana (D:5)
  Ijyb (D:4)
  2 worker ants (D:4)
  A hound skeleton (D:5)
  A howler monkey zombie (D:5)
  Robin (D:4)
  4 adders
  2 white imps (D:5)
  3 worms
  5 dart slugs
  2 leopard geckos
  19 orcs
  A ball python (D:3)
  10 bats
  4 giant cockroaches
  14 goblins
  12 hobgoblins
  9 jackals
  3 quokkas
  4 frilled lizards
  3 kobolds
  A quokka skeleton (D:5)
  7 rats
134 creatures vanquished.

Notes
Turn   | Place    | Note
-------+----------+-------------------------------------------
     0 | D:1      | Borgoz the Ghoul Gladiator began the quest for the Orb.
     0 | D:1      | Reached XP level 1. HP: 17/17 MP: 0/0
   256 | D:1      | Reached XP level 2. HP: 25/25 MP: 1/1
  1197 | D:2      | Reached XP level 3. HP: 30/30 MP: 2/2
  1803 | D:2      | Found a burning altar of Makhleb.
  1808 | D:2      | Reached skill level 1 in Armour
  1808 | D:2      | Reached XP level 4. HP: 37/37 MP: 3/3
  2416 | D:3      | Reached XP level 5. HP: 15/45 MP: 4/4
  2845 | D:3      | Found a faded altar of an unknown god.
  3170 | D:4      | Noticed Edmund
  3184 | D:4      | HP: 2/45 [Edmund/+1 flail of holy wrath (2)]
  3187 | D:4      | Killed Edmund
  3188 | D:4      | Reached XP level 6. HP: 3/51 MP: 5/5
  3554 | D:4      | Got a distressingly furry ring mail
  3565 | D:4      | Identified the +4 ring mail "Faererih" {Harm} (You found it
                  | on level 4 of the Dungeon)
  3646 | D:4      | Noticed Eustachio
  3686 | D:4      | Killed Eustachio
  3687 | D:4      | Reached XP level 7. HP: 47/59 MP: 6/6
  3769 | D:4      | Reached skill level 5 in Maces & Flails
  3769 | D:4      | Reached skill level 5 in Dodging
  4133 | D:4      | Noticed Robin
  4152 | D:4      | Killed Robin
  4214 | D:4      | Noticed Ijyb
  4224 | D:4      | Killed Ijyb
  4330 | D:4      | Found a runed translucent door.
  4331 | D:4      | Noticed Crazy Yiuf
  4528 | D:4      | Killed Crazy Yiuf
  4602 | D:5      | Entered Level 5 of the Dungeon
  4637 | D:5      | Reached XP level 8. HP: 52/67 MP: 7/7
  4708 | D:5      | Noticed Menkaure
  4718 | D:5      | Killed Menkaure
  5077 | D:5      | Reached skill level 5 in Fighting
  5487 | D:5      | Found Adwuett's General Store.
  5493 | D:5      | Bought a scroll of identify for 26 gold pieces
  5893 | D:6      | Reached XP level 9. HP: 74/74 MP: 8/8
  5916 | D:6      | Slain by an ogre

Illustrated notes

Levels and vault maps discovered:
D:1:      grunt_arrival_crossed_arrows, layout_basic, serial_corexii_hall,
          corexii_hall_statues_x, corexii_hall_statues_l, corexii_hall_statues_t
D:2:      layout_loops_cross, makhleb_grotto_becter
D:3:      minmay_skewed_foursquare, layout_loops_cross,
          chequers_ecumenical_altar_island
D:4:      layout_loops_ring, uniq_crazy_yiuf_cottage, uniq_ijyb, uniq_edmund,
          uniq_robin, uniq_eustachio
D:5:      layout_basic, serial_shops, shop, grunt_ministairs_11, uniq_menkaure
D:6:      layout_loops_cross, minmay_temple_entry_nine_rooms,
          minmay_misc_feat_roman, minmay_misc_feat_columns, minmay_manual_mess

Skill      XL: |  1  2  3  4  5  6  7  8 |
---------------+-------------------------+-----
Maces & Flails | 3 4 5 6 |  6.4
Dodging        | 3 4 5 6 |  6.5
Armour         | 1 2 4 |  4.2
Fighting       | 3 4 5 |  5.9
Throwing       | |  1.7

Action                   |  1- 3 |  4- 6 |  7- 9 || total
-------------------------+-------+-------+-------++-------
Melee: Flail             |   102 |   181 |   274 ||   557
Throw: Throwing net      |       |     3 |       ||     3
  Use: Scroll            |       |     5 |     1 ||     6
       Potion            |       |     2 |       ||     2
Armor: Leather armour    |    31 |    12 |       ||    43
       Ring mail         |       |    50 |   108 ||   158
Dodge: Dodged            |    62 |   133 |   187 ||   382
